 Dungeon Crawl Stone Soup version 0.28.0-43-g3370ac3207 (webtiles) character file.

Game seed: 838786346941717125

30137 crimpus the Severer (level 13, -18/104 HPs)
             Began as a Minotaur Fighter on Mar 20, 2022.
             Was a High Priest of the Shining One.
             Shot with a bolt by an orc knight (26 damage)
             ... on level 1 of the Orcish Mines.
             The game lasted 00:26:00 (21792 turns).

crimpus the Severer (Minotaur Fighter)             Turns: 21792, Time: 00:26:01

Health: -18/104    AC: 21    Str: 26    XL:     13   Next: 18%
Magic:  17/17      EV:  7    Int:  5    God:    the Shining One [*****.]
Gold:   1109       SH:  9    Dex: 10    Spells: 12/12 levels left

rFire   . . .      SeeInvis .   a - +1 war axe (spect)
rCold   . . .      Faith    +   v - +3 buckler {reflect}
rNeg    + + .      Spirit   .   A - +0 plate armour
rPois   .          Reflect  +   (helmet restricted)
rElec   .          Harm     .   w - +0 cloak
rCorr   .          Rampage  .   g - +0 pair of gloves
Will    +....                   (no boots)
Stlth   ..........              i - amulet of faith
HPRegen 0.27/turn               G - ring of willpower
MPRegen 0.15/turn               (no ring)

@: about to teleport, glowing
A: horns 2, retaliatory headbutt, frail 1, shaggy fur 1
a: Renounce Religion, Divine Shield, Cleansing Flame, Summon Divine Warrior


You were on level 1 of the Orcish Mines.
You worshipped the Shining One.
The Shining One was extremely pleased with you.
You visited 3 branches of the dungeon, and saw 18 of its levels.

You collected 1119 gold pieces.
You donated 10 gold pieces to Zin.

Inventory:

Hand Weapons
 a - a +1 spectral war axe (weapon)
Armour
 g - a +0 pair of gloves (worn)
 v - a +3 buckler of reflection (worn)
 w - a +0 cloak (worn)
 A - a +0 plate armour (worn)
Jewellery
 i - an amulet of faith (around neck)
 l - an amulet of regeneration
 x - an amulet of reflection
 G - a ring of willpower (left hand)
Wands
 b - a wand of charming (8)
 o - a wand of iceblast (19)
 u - a wand of acid (16)
 z - a wand of flame (21)
Scrolls
 c - 3 scrolls of enchant weapon
 f - 2 scrolls of amnesia
 m - 5 scrolls of teleportation
 p - 3 scrolls of blinking
 r - 2 scrolls of fog
 y - 6 scrolls of identify
 B - a scroll of brand weapon
 C - a scroll of fear
 I - a scroll of enchant armour
Potions
 d - 2 potions of might
 e - 2 potions of degeneration
 h - 5 potions of flight
 j - a potion of invisibility
 k - 2 potions of haste
 q - a potion of attraction
 s - a potion of lignification
 t - 3 potions of cancellation
 D - a potion of resistance


   Skills:
 * Level 11.2 Fighting
 * Level 16.3 Axes
 * Level 14.7 Armour
 * Level 9.9 Shields
 * Level 6.9 Invocations


You had 12 spell levels left.
You didn't know any spells.
Your spell library contained the following spells:

 Spells                   Type           Power      Damage    Failure   Level
 Sting                    Tmut/Pois      0%         1d3       99%         1
 Corpse Rot               Necr/Air       0%         N/A       100%        2
 Ensorcelled Hibernation  Hex/Ice        0%         N/A       100%        2
 Passwall                 Tmut/Erth      0%         N/A       100%        2
 Poisonous Vapours        Pois/Air       0%         N/A       100%        2
 Sublimation of Blood     Necr           0%         N/A       100%        2
 Gell's Gravitas          Tloc           0%         N/A       100%        3
 Portal Projectile        Hex/Tloc       0%         N/A       100%        3
 Swiftness                Air            0%         N/A       100%        3
 Teleport Other           Tloc           0%         N/A       100%        3
 Dispel Undead            Necr           0%         3d6       100%        4
 Olgreb's Toxic Radiance  Pois           0%         N/A       100%        4
 Petrify                  Tmut/Erth      0%         N/A       100%        4
 Blade Hands              Tmut           0%         N/A       100%        5
 Excruciating Wounds      Necr           0%         N/A       100%        5
 Irradiate                Conj/Tmut      0%         3d13      100%        5
 Conjure Ball Lightning   Conj/Air       0%         3x3d6     100%        6
 Death Channel            Necr           0%         N/A       100%        6
 Dispersal                Tloc           0%         N/A       100%        6
 Dragon Form              Tmut           0%         N/A       100%        7
 Discord                  Hex            0%         N/A       100%        8
 Disjunction              Tloc           0%         N/A       100%        8


Dungeon Overview and Level Annotations

Branches:
Dungeon (15/15)            Temple (1/1) D:5            Lair (0/6) D:10
    Orc (2/2) D:9             Elf (0/3) Orc:2        Vaults (0/5) D:13
 Depths: D:15

Altars:
Ashenzari
Cheibriados
Dithmenos
Elyvilon
Gozag
Hepliaklqana
Makhleb
Nemelex Xobeh
Okawaru
Qazlal
Sif Muna
Wu Jian
Xom
Yredelemnul
Zin
The Shining One
Beogh

Shops:
D:6 *   D:7 (

Portals:
Trove: D:10 (show slimy rune of Zot)

Annotations:
D:7 3 runed translucent doors, pkoi's ghost, novice DrTm
D:9 Maurice
D:10 1 runed translucent door, Lobster4's ghost, journeyman TeAE
D:15 Nessos


Innate Abilities, Weirdness & Mutations

You have a pair of horns on your head.
You reflexively headbutt those who attack you in melee.
You are frail. (-10% HP)
You are covered in fur. (AC +1)


Message History

You slash the orc high priest!
You kill the orc high priest!
The Shining One accepts your kill.
You hit the orc but do no damage. You slash the orc wizard!
You kill the orc wizard!
Your +1 spectral war axe hits the orc!
You kill the orc!
Your +1 spectral war axe hits the orc!
You kill the orc!
A warg comes into view.
Found 45 gold pieces.
Found a staircase to the Elven Halls.
The orc knight unwields a +0 arbalest.
The orc knight wields a +0 battleaxe.
You block the orc knight's attack.
An orc high priest comes into view. It is wielding a +0 trident.
Items here: )) [[ †.
The orc high priest shouts!
You slash the orc knight!
You headbutt the orc knight, but do no damage.
The orc knight is moderately wounded.
Your +1 spectral war axe hits the orc knight!
An orc sorcerer comes into view. It is wielding a +0 dagger.
The orc knight hits you with a +0 battleaxe.
The orc knight hits your +1 spectral war axe with a +0 battleaxe!
Your spectral weapon shares its damage with you!
An orc warrior comes into view. It is wielding a +0 broad axe.
The orc knight hits you with a +0 battleaxe!
* * * LOW HITPOINT WARNING * * *
There is a stone staircase leading up, spattered with blood here.
The orc sorcerer shouts!
You hear a shout! x3
The orc knight hits you with a +0 battleaxe!
* * * LOW HITPOINT WARNING * * *
You climb upwards.
There is a stone staircase leading down here.
As you read the scroll of teleportation, it crumbles to dust.
You feel strangely unstable. You block the orc knight's attack.
Things that are here:
a +0 plate armour; a +2 long sword of holy wrath; an orc skeleton The orc knight unwields a +0 battleaxe.
The orc knight wields a +0 arbalest.
The orc knight shoots a bolt.
The bolt hits you!!
You die...

#........#.###....###.
##.................#..
#.....................
#........#..[.........
##..........[.......#.
#..........)...#..###
##...o[....([)......##
#....[...............#
#....@................
##.#..................
#......#...........##.
#......#............##
#....................#
#...................##
##.........#...#...##
#.......####.###.##
#........# ### ###


You could see an orc knight.

Vanquished Creatures
  An ironbound preserver (D:13)
  A fire dragon (D:12)
  The ghost of Selrock the Fighter, a journeyman HOFi of Beogh (D:11)
  Fannar (D:10)
  2 boulder beetles
  Erica (D:9)
  3 centaur warriors
  A catoblepas (D:13)
  A death knight (D:14)
  A two-headed ogre (D:13)
  An orc high priest (Orc:2)
  6 ugly things
  An orc sorcerer (Orc:2)
  6 manticores
  3 cyclopes
  2 gargoyles
  An unseen horror (D:13)
  An efreet (D:13)
  A freezing wraith (D:11)
  A tengu conjurer (D:13)
  A meliai (shapeshifter) (D:13)
  3 meliai (D:14)
  7 trolls
  2 hornets
  12 slime creatures
  Grinder (D:5)
  2 vampires
  3 shadows
  A wyvern (D:9)
  3 wraiths
  A basilisk (D:13)
  A yak (shapeshifter) (D:10)
  Grum (D:9)
  6 yaks (D:10)
  A vampire mosquito (D:13)
  A warg (Orc:2)
  Edmund (D:5)
  A water moccasin (D:5)
  12 orc warriors
  An ice beast (D:6)
  2 wolves (D:9)
  20 centaurs
  3 ogres
  2 kobold brigands
  A gnoll sergeant (D:11)
  2 bullfrogs
  2 scorpions
  A wyvern zombie (D:8)
  A wyvern skeleton (D:6)
  A water moccasin skeleton (D:4)
  An electric eel (D:12)
  A howler monkey (D:4)
  2 lava snakes (D:8)
  4 centaur zombies
  A jelly (D:4)
  2 hounds
  12 orc priests
  Ijyb (D:3)
  A bullfrog skeleton (D:5)
  2 centaur skeletons
  An iguana (D:5)
  15 orc wizards
  A killer bee zombie (D:8)
  A hound skeleton (D:5)
  A mummy (D:3)
  2 howler monkey zombies
  Robin (D:3)
  3 gnolls (D:11)
  2 adders
  A shadow imp (D:6)
  3 ufetubi
  4 worms
  A dart slug (D:4)
  46 orcs
  9 endoplasms
  4 giant cockroaches
  9 goblins (D:3)
  8 hobgoblins
  13 kobolds
  4 quokkas
  8 ball pythons
  10 bats
  4 frilled lizards
  3 rats
313 creatures vanquished.

Vanquished Creatures (others)
  An orc priest (D:10)
  An orc (D:10)
  3 fungi
  2 plants (D:7)
  2 withered plants (D:10)
9 creatures vanquished.

Grand Total: 322 creatures vanquished

Notes
Turn   | Place    | Note
-------+----------+-------------------------------------------
     0 | D:1      | crimpus the Minotaur Fighter began the quest for the Orb.
     0 | D:1      | Reached XP level 1. HP: 19/19 MP: 0/0
   212 | D:1      | Found a faded altar of an unknown god.
   288 | D:1      | Reached XP level 2. HP: 25/27 MP: 1/1
   984 | D:2      | Reached skill level 3 in Axes
   984 | D:2      | Reached XP level 3. HP: 33/33 MP: 2/2
  1446 | D:3      | Found a burning altar of Makhleb.
  1456 | D:3      | Noticed Robin
  1465 | D:3      | Reached XP level 4. HP: 23/40 MP: 3/3
  1472 | D:3      | Killed Robin
  1473 | D:3      | Reached skill level 4 in Axes
  1763 | D:3      | Found a snail-covered altar of Cheibriados.
  1851 | D:3      | Noticed Ijyb
  1873 | D:3      | Killed Ijyb
  1943 | D:3      | Reached XP level 5. HP: 31/47 MP: 4/4
  1947 | D:3      | Reached skill level 5 in Axes
  2241 | D:4      | Reached XP level 6. HP: 53/53 MP: 5/5
  2312 | D:4      | Reached skill level 6 in Axes
  2336 | D:4      | Found a glowing silver altar of Zin.
  2415 | D:4      | Became a worshipper of Zin the Law-Giver
  2455 | D:4      | Reached skill level 5 in Armour
  2540 | D:4      | Reached skill level 5 in Fighting
  2543 | D:4      | Reached * piety under Zin
  2719 | D:5      | Entered Level 5 of the Dungeon
  2774 | D:5      | Found a staircase to the Ecumenical Temple.
  2812 | Temple   | Entered the Ecumenical Temple
  2893 | Temple   | Fell from the grace of Zin
  2893 | Temple   | Became a worshipper of the Shining One
  2989 | D:5      | Reached XP level 7. HP: 52/61 MP: 6/6
  3128 | D:5      | Reached skill level 7 in Axes
  3498 | D:5      | Found a sparkling altar of Nemelex Xobeh.
  3705 | D:5      | Noticed Edmund
  3713 | D:5      | Killed Edmund
  4016 | D:5      | Noticed Grinder
  4024 | D:5      | Killed Grinder
  4025 | D:5      | Reached skill level 8 in Axes
  4025 | D:5      | Reached skill level 5 in Shields
  4025 | D:5      | Reached XP level 8. HP: 57/70 MP: 7/7
  4350 | D:6      | Reached * piety under the Shining One
  4514 | D:6      | Reached skill level 9 in Axes
  5042 | D:6      | Found an opulent altar of Gozag.
  5057 | D:6      | Found Gozag's Platinum Reserve.
  5648 | D:7      | Found Hifin's Weapon Boutique.
  6173 | D:7      | Found a runed translucent gate.
  6173 | D:7      | Found a runed translucent gate.
  6173 | D:7      | Noticed pkoi's ghost (novice DrTm)
  6174 | D:7      | Found a runed translucent gate.
  6175 | D:7      | Noticed a kobold demonologist
  6251 | D:8      | Noticed a skeletal warrior
  6497 | D:8      | Noticed a hornet
  6751 | D:8      | Reached ** piety under the Shining One
  6752 | D:8      | Reached skill level 10 in Axes
  7183 | D:8      | Reached XP level 9. HP: 70/78 MP: 8/8
  7204 | D:8      | Paralysed by a hornet for 1 turns
  7712 | D:8      | Noticed a manticore
  7719 | D:8      | Killed a manticore
  7720 | D:8      | Reached skill level 11 in Axes
  8490 | D:9      | Noticed Erica
  8495 | D:9      | Killed Erica
  8496 | D:9      | Reached skill level 10 in Armour
  8508 | D:9      | Found a staircase to the Orcish Mines.
  8581 | D:9      | Reached XP level 10. HP: 84/86 MP: 9/9
  8676 | D:9      | Noticed Grum
  8707 | D:9      | Reached *** piety under the Shining One
  8717 | D:9      | Killed Grum
  8726 | D:9      | Reached skill level 12 in Axes
  9119 | D:9      | Noticed Maurice
  9125 | D:10     | Entered Level 10 of the Dungeon
  9154 | D:10     | Noticed Fannar
  9217 | D:10     | Killed Fannar
  9675 | D:10     | Reached skill level 13 in Axes
  9696 | D:10     | Found a runed translucent door.
  9697 | D:10     | Noticed Lobster4's ghost (journeyman TeAE)
  9735 | D:10     | Found a staircase to the Lair.
  9826 | D:10     | Reached **** piety under the Shining One
  9924 | D:10     | Found a stormy altar of Qazlal.
 10203 | D:10     | Found a broken altar of Ashenzari.
 10255 | D:10     | Found a portal to a secret trove of treasure.
 10680 | D:11     | Noticed a cyclops
 10683 | D:11     | Found a runed translucent door.
 10685 | D:11     | Noticed Selrock's ghost (journeyman HOFi)
 10688 | D:11     | Killed a cyclops
 10689 | D:11     | Reached skill level 1 in Invocations
 10860 | D:11     | Reached XP level 11. HP: 83/95 MP: 9/11
 11671 | D:11     | Killed Selrock's ghost
 11907 | D:12     | Noticed a boulder beetle
 12713 | D:12     | Reached skill level 14 in Axes
 12717 | D:12     | Noticed a brown ugly thing
 12727 | D:12     | Killed a brown ugly thing
 12801 | D:12     | Noticed a boulder beetle
 13267 | D:12     | Noticed a green ugly thing
 13276 | D:12     | Killed a green ugly thing
 13318 | D:12     | Killed a boulder beetle
 14023 | D:12     | Noticed a fire dragon
 14033 | D:12     | Killed a fire dragon
 15160 | D:13     | Noticed a green ugly thing
 15166 | D:13     | Killed a green ugly thing
 15267 | D:13     | Reached XP level 12. HP: 106/106 MP: 14/14
 15272 | D:13     | Reached skill level 15 in Axes
 15277 | D:13     | Noticed a five-headed hydra
 15446 | D:13     | Noticed a centaur warrior
 15458 | D:13     | Reached skill level 10 in Fighting
 15462 | D:13     | Killed a centaur warrior
 15830 | D:13     | Reached skill level 5 in Invocations
 15953 | D:13     | Found a gate to the Vaults.
 15953 | D:13     | Noticed an ironbound preserver
 15965 | D:13     | Killed an ironbound preserver
 16343 | D:13     | Noticed a boulder beetle
 16366 | D:13     | Killed a boulder beetle
 16492 | D:13     | Noticed a catoblepas
 16492 | D:13     | Noticed a two-headed ogre
 16567 | D:13     | Killed a two-headed ogre
 16649 | D:13     | Killed a catoblepas
 16992 | D:13     | Noticed a centaur warrior
 16998 | D:13     | Killed a centaur warrior
 17301 | D:14     | Found an iron altar of Okawaru.
 17304 | D:14     | Noticed a death knight
 17632 | D:14     | Killed a death knight
 17846 | D:14     | Reached skill level 16 in Axes
 18000 | D:14     | Noticed a centaur warrior
 18008 | D:14     | Killed a centaur warrior
 18414 | D:14     | Reached XP level 13. HP: 44/115 MP: 15/17
 18826 | D:14     | Found an ornate altar of the Wu Jian Council.
 19376 | D:15     | Entered Level 15 of the Dungeon
 19399 | D:15     | Noticed Nessos
 20217 | D:15     | HP: 4/116 [Nessos/arrow (3)]
 20218 | D:14     | The Shining One protects you from harm!
 20221 | D:14     | Gained mutation: Your spells are a little easier to cast,
                  | but a little less powerful. [potion of mutation]
 20221 | D:14     | Gained mutation: You are covered in fur. (AC +1) [potion of
                  | mutation]
 20221 | D:14     | Gained mutation: You are frail. (-10% HP) [potion of
                  | mutation]
 20221 | D:14     | Lost mutation: Your spells are a little easier to cast, but
                  | a little less powerful. [potion of mutation]
 21318 | Orc:1    | Entered Level 1 of the Orcish Mines
 21380 | Orc:1    | Reached ***** piety under the Shining One
 21560 | Orc:2    | Entered Level 2 of the Orcish Mines
 21784 | Orc:2    | Found a staircase to the Elven Halls.
 21792 | Orc:1    | Shot with a bolt by an orc knight

Illustrated notes

Levels and vault maps discovered:
D:1:      psy_arrival_radial01, layout_basic,
          shapermc_ecumenical_altar_totnotflames, amethyst_killhole,
          minmay_3d_cube
D:2:      layout_rooms
D:3:      layout_basic, slow_altar_1, mainiacjoe_overflow_brackets,
          hex_intersection, uniq_robin, uniq_ijyb
D:4:      layout_cave_pools, zin_scriptorium, hex_tiny
D:5:      layout_basic, lemuel_crystal_altar, minmay_temple_entry_ruins,
          due_unseen_surprise, uniq_edmund, uniq_grinder
D:6:      layout_basic, nicolae_gozag_zags_fifth_avenue
D:7:      layout_loops_corners, serial_shops, nicolae_shop_bloodbath_and_beyond,
          gammafunk_ghost_nasty_kobolds, serial_glass, glass_columns_a,
          glass_columns_a, minmay_stone_trees_small, dk_rats_in_the_wall
D:8:      layout_loops_ring, kennysheep_island_fort
D:9:      layout_loops_corners, minmay_orc_entry_temple_large, chequers_jeans,
          uniq_maurice, uniq_grum, uniq_erica
D:10:     layout_irregular_city, nicolae_qazlal_general_emergency,
          kennysheep_little_box, lair_entry_dummy, gammafunk_ghost_grave,
          serial_glass, glass_columns_b, glass_columns_a, glass_columns_a,
          glass_columns_b, enter_trove_3, uniq_fannar
D:11:     layout_gridville, ebering_ghost_inner_flame, corexii_leaking_fountain
D:12:     dragon1_lemuel, layout_long_grid
D:13:     layout_gridville, skrybe_vaults_entry_preservation, drop_trap
D:14:     layout_roguey, nzn_wu_jian_council_hall, okawaru_gym_becter
D:15:     gammafunk_enter_depths_forms, layout_rooms, basic_altar, uniq_nessos
Temple:   regret_index_temple_generic_petals
Orc:1:    layout_caves, nicolae_orc_lost_temple
Orc:2:    grunt_orc_gardens, layout_caves, grunt_orc_garden, grunt_orc_garden,
          grunt_orc_garden, grunt_orc_garden, enter_volcano_1

Skill      XL: |  1  2  3  4  5  6  7  8  9 10 11 12 13 |
---------------+----------------------------------------+-----
Shields        | 4 5 6 7 8 9 |  9.9
Armour         | 4 5 6 8 10 11 12 14 | 14.7
Fighting       | 4 5 6 7 8 9 10 11 | 11.2
Axes           | 3 4 5 6 8 10 11 13 14 16 | 16.3
Invocations    | 1 4 6 |  6.9

Action                   |  1- 3 |  4- 6 |  7- 9 | 10-12 | 13-15 || total
-------------------------+-------+-------+-------+-------+-------++-------
Melee: War axe           |    97 |    98 |   153 |   310 |    38 ||   696
       Headbutt          |     8 |    20 |    35 |    98 |    15 ||   176
  Use: Scroll            |       |       |    14 |     6 |     2 ||    22
       Potion            |       |       |       |     7 |     5 ||    12
Armor: Scale mail        |    63 |     4 |       |       |       ||    67
       Chain mail        |       |    55 |    45 |       |       ||   100
       Plate armour      |       |       |    22 |   148 |    63 ||   233
Dodge: Dodged            |    42 |    39 |    48 |    72 |    25 ||   226
Block: Buckler           |    19 |    23 |    44 |   127 |    38 ||   251
       Reflection        |       |       |     4 |    17 |     5 ||    26
